 Dungeon Crawl Stone Soup version 0.25-a0-1073-gf4359a1 (webtiles) character file.

Game seed: 12647147301513022898, levelgen mode: deterministic

3307 BlueFish the Ruffian (level 10, 0/66 HPs)
             Began as an Octopode Warper on May 15, 2020.
             Was a Priest of Cheibriados.
             Slain by a big kobold
             ... wielding a +0 short sword
              (9 damage)
             ... on level 8 of the Dungeon.
             The game lasted 00:30:23 (9065 turns).

BlueFish the Ruffian (Octopode Warper)              Turns: 9065, Time: 00:30:24

Health: 0/66       AC:  1    Str: 20    XL:     10   Next: 1%
Magic:  2/15       EV: 16    Int: 22    God:    Cheibriados [***...]
Gold:   496        SH:  0    Dex: 17    Spells: 6/16 levels left

rFire    . . .     SeeInvis .     - Unarmed
rCold    . . .     Gourm    .   (no shield)
rNeg     . . .     Faith    .   (helmet restricted)
rPois    .         Spirit   .   (no amulet)
rElec    .         Reflect  .   e - ring of resist corrosion
rCorr    +         Harm     .   o - ring of flight
MR       .....                  (no ring)
Stlth    ++++......             (no ring)
HPRegen  0.21/turn              (no ring)
MPRegen  0.14/turn              (no ring)
                                (no ring)
                                (no ring)

@: shrouded, very slightly contaminated, lightly drained, very slow
A: almost no armour, stealthy swim, amphibious, 8 rings, constrict 8, camouflage
1, gelatinous body 1
a: Bend Time, Temporal Distortion, Renounce Religion, Evoke Flight


You were on level 8 of the Dungeon.
You worshipped Cheibriados.
Cheibriados was most pleased with you.
You were not hungry.

You visited 2 branches of the dungeon, and saw 9 of its levels.
You also visited: Sewer.

You collected 496 gold pieces.

Inventory:

Missiles
 a - 141 arrows
 c - 5 boomerangs of dispersal
 h - 13 boomerangs (quivered)
 j - 184 stones
 s - 17 poisoned darts
 x - 3 javelins
Jewellery
 e - a ring of resist corrosion (left tentacle)
 o - a ring of flight (right tentacle)
Wands
 k - a wand of digging (4)
Scrolls
 b - 4 scrolls of blinking
 m - 3 scrolls of remove curse
 p - 2 scrolls of teleportation
 q - a scroll of enchant weapon
 r - a scroll of vulnerability {unknown}
Potions
 f - 4 potions of curing
 i - 2 potions of heal wounds
 l - a potion of cancellation
 n - 3 potions of flight
 t - 2 potions of stabbing
 u - a potion of magic {unknown}
 v - a potion of brilliance {unknown}
Comestibles
 d - 7 rations
 g - 6 chunks of flesh


   Skills:
 * Level 5.1(4.8) Fighting
 * Level 4.6(4.3) Throwing
 * Level 5.3(5.1) Dodging
 * Level 6.5(6.2) Stealth
 * Level 7.1(6.8) Unarmed Combat
 + Level 3.9(3.6) Spellcasting
 + Level 3.0(2.7) Charms
 * Level 5.4(5.1) Translocations
 * Level 2.4(2.1) Invocations


You had 6 spell levels left.
You knew the following spells:

 Your Spells              Type           Power        Failure   Level  Hunger
a - Shroud of Golubria    Chrm/Tloc      ###...       3%          2    #......
b - Blink                 Tloc           N/A          1%          2    #......
c - Lesser Beckoning      Tloc           ####......   4%          3    ###....
d - Teleport Other        Tloc           ####....     4%          3    ###....

Your spell library contained the following spells:

 Spells                   Type           Power        Failure   Level  Hunger
 Infusion                 Chrm           ###.         3%          1    None
 Gell's Gravitas          Tloc           ####......   4%          3    ###....
 Song of Slaying          Chrm           ###.....     5%          2    #......
 Passage of Golubria      Tloc           N/A          14%         4    ####...
 Ozocubu's Armour         Chrm/Ice       ##......     21%         3    ###....
 Spectral Weapon          Hex/Chrm       ##......     21%         3    ###....
 Confusing Touch          Hex            #.......     34%         3    ###....
 Petrify                  Tmut/Erth      #.......     75%         4    ####...
 Metabolic Englaciation   Hex/Ice        #.........   97%         5    ######.
 Yara's Violent Unravell  Hex/Tmut       #.........   97%         5    ######.


Dungeon Overview and Level Annotations

Branches:
Dungeon (8/15)             Temple (1/1) D:5           Sewer (visited)
   Lair: D:8-11

Altars:
Cheibriados
Dithmenos
Elyvilon
Gozag
Sif Muna
Trog
Uskayaw
Vehumet
Wu Jian
Xom

Annotations:
D:4 3 runed translucent doors, Dowan; Duvessa; FishTaco's ghost, novice DEFE


Innate Abilities, Weirdness & Mutations

You cannot wear most types of armour.
You are very stealthy in the water. (Stealth+)
You are amphibious.
You can wear up to eight rings at the same time.
You can use your tentacles to constrict eight enemies at once.
Your skin changes colour to match your surroundings (Stealth+).
Your rubbery body absorbs attacks. (AC +1, EV +1)


Message History

The big kobold hits you with a +0 short sword.
* * * LOW HITPOINT WARNING * * *
Your shroud falls apart!
The kobold closely misses you. The kobold hits you.
* * * LOW HITPOINT WARNING * * *
Casting: Shroud of Golubria (safe; 3% risk of failure)
Confirm with . or Enter, or press ? or * to list all spells.
Space distorts slightly along a thin shroud covering your body.
You constrict the big kobold.
Your shroud bends the big kobold's attack away.
The kobold hits you with a +0 short sword.
* * * LOW HITPOINT WARNING * * *
Your shroud falls apart!
The kobold misses you.
Casting: Shroud of Golubria (safe; 3% risk of failure)
Confirm with . or Enter, or press ? or * to list all spells.
Space distorts slightly along a thin shroud covering your body.
You constrict the big kobold.
The big kobold hits you with a +0 short sword!
You die...

.........#)..............
......####............Y
####### #^..........####
#............... ##
#......#........ .#
.....##......... .#
......##......... Y#
.....##.K....... .#
#@K....... ## #.K.......
#......... #..[......
#........ #######.. ..


You could see a big kobold and 2 kobolds.

Vanquished Creatures
  Pikel (D:5)
  Sigmund (D:4)
  Eustachio (D:6)
  Menkaure (D:6)
  An ice beast (D:4)
  A slave (D:5)
  5 sky beasts
  A black bear (D:7)
  4 ogres
  2 centaurs
  A big kobold (D:4)
  2 bullfrogs
  3 scorpions
  2 howler monkeys
  A crimson imp (D:6)
  A hound (D:5)
  A centaur skeleton (D:7)
  2 jellies
  Crazy Yiuf (D:4)
  A bullfrog skeleton (D:8)
  5 orc wizards
  3 worker ants
  A hound zombie (D:5)
  3 hound skeletons
  A worker ant zombie (D:8)
  4 gnolls (D:6)
  11 adders
  5 river rats (D:6)
  2 shadow imps
  An ooze (D:2)
  An adder skeleton (D:5)
  7 worms
  4 leopard geckos
  18 orcs
  4 giant cockroaches
  9 goblins
  5 hobgoblins
  24 jackals
  4 quokkas
  9 ball pythons
  8 bats
  10 frilled lizards
  A giant cockroach zombie (D:5)
  18 kobolds
  13 rats
  9 plants (Sewer)
213 creatures vanquished.

Vanquished Creatures (others)
  A frilled lizard (D:3)
  4 plants (D:4)
5 creatures vanquished.

Grand Total: 218 creatures vanquished

Notes
Turn   | Place    | Note
-------+----------+-------------------------------------------
     0 | D:1      | BlueFish the Octopode Warper began the quest for the Orb.
     0 | D:1      | Reached XP level 1. HP: 14/14 MP: 3/3
   179 | D:1      | Reached XP level 2. HP: 17/19 MP: 5/5
   186 | D:1      | Learned a level 2 spell: Shroud of Golubria
   189 | D:1      | Learned a level 2 spell: Blink
   211 | D:1      | You fall into a shaft and drop 1 floor!
   424 | D:2      | Reached XP level 3. HP: 19/24 MP: 3/6
  1008 | D:1      | Reached skill level 1 in Stealth
  1159 | D:2      | Reached XP level 4. HP: 24/30 MP: 5/7
  1252 | D:2      | Noticed a bullfrog
  1262 | D:2      | Killed a bullfrog
  1262 | D:2      | Reached skill level 3 in Unarmed Combat
  1262 | D:2      | Reached XP level 5. HP: 27/35 MP: 4/8
  1717 | D:3      | Reached XP level 6. HP: 8/41 MP: 6/9
  2143 | D:3      | Learned a level 3 spell: Lesser Beckoning
  2147 | D:3      | Learned a level 3 spell: Teleport Other
  2598 | D:4      | Found a runed translucent gate.
  2598 | D:4      | Found a runed translucent gate.
  2602 | D:4      | Found a runed translucent gate.
  2604 | D:4      | Identified the +1 dagger "Peuduodu" {drain, Dex+4}
  2604 | D:4      | Noticed FishTaco's ghost (novice DEFE)
  2848 | D:4      | Noticed Dowan
  2849 | D:4      | Noticed Duvessa
  2931 | D:4      | Noticed an ice beast
  3366 | D:4      | Got a smoking trident
  3521 | D:4      | Reached skill level 4 in Unarmed Combat
  3521 | D:4      | Reached skill level 1 in Charms
  3521 | D:4      | Reached XP level 7. HP: 31/46 MP: 7/11
  4125 | D:4      | Found a runed translucent door.
  4126 | D:4      | Noticed Crazy Yiuf
  4616 | D:4      | Noticed Sigmund
  4819 | D:4      | Killed Sigmund
  4819 | D:4      | Reached XP level 8. HP: 40/54 MP: 5/12
  5050 | D:4      | Killed Crazy Yiuf
  5062 | D:5      | Entered Level 5 of the Dungeon
  5188 | D:5      | Reached skill level 5 in Unarmed Combat
  5437 | D:5      | Noticed Pikel
  5472 | D:5      | Killed Pikel
  5472 | D:5      | Reached skill level 6 in Unarmed Combat
  5526 | D:5      | Reached skill level 5 in Stealth
  5526 | D:5      | Reached XP level 9. HP: 43/59 MP: 10/14
  5663 | D:5      | Found a staircase to the Ecumenical Temple.
  5678 | Temple   | Entered the Ecumenical Temple
  5742 | Temple   | Became a worshipper of Cheibriados the Contemplative
  6145 | D:6      | Noticed Eustachio
  6160 | D:6      | Killed Eustachio
  6343 | D:6      | Reached skill level 1 in Invocations
  6431 | D:6      | Reached * piety under Cheibriados
  6500 | D:6      | Found a glowing drain.
  6532 | Sewer    | Entered a sewer
  7154 | Sewer    | Reached ** piety under Cheibriados
  7515 | D:6      | Found an opulent altar of Gozag.
  7522 | D:6      | Reached skill level 5 in Dodging
  7656 | D:6      | Reached skill level 5 in Translocations
  7706 | D:6      | Noticed Menkaure
  7720 | D:6      | Killed Menkaure
  8455 | D:7      | Reached skill level 5 in Fighting
  8764 | D:8      | Got a smoking hunting sling
  8783 | D:8      | Reached skill level 7 in Unarmed Combat
  8960 | D:8      | Reached XP level 10. HP: 66/66 MP: 12/15
  9002 | D:8      | Got a slimy long sword
  9025 | D:8      | Reached *** piety under Cheibriados
  9065 | D:8      | Slain by a big kobold

Illustrated notes

Levels and vault maps discovered:
D:1:      tarquinn_simple_flora_water_c, layout_rooms, minmay_box_of_dots
D:2:      layout_rooms
D:3:      layout_basic, serial_glass, glass_columns_c, glass_columns_c,
          st_stairs_6
D:4:      minmay_angry_zag, layout_basic, gammafunk_ghost_nasty_kobolds,
          due_unseen_surprise, uniq_crazy_yiuf_cottage, uniq_sigmund,
          uniq_duvessa
D:5:      layout_layer_cave, minmay_temple_entry_statues, first_ration,
          uniq_pikel
D:6:      layout_rooms, old_standard_altar, lightli_sewer_entry_pipes,
          uniq_eustachio, uniq_menkaure
D:7:      layout_gridville
D:8:      layout_basic, lair_entry_dummy, serial_shops, shop
Temple:   roderic_octagonal_lattice_temple

Skill      XL: |  1  2  3  4  5  6  7  8  9 |
---------------+----------------------------+-----
Stealth        | 1 2 3 5 6 |  6.5
Dodging        | 3 4 5 |  5.3
Unarmed Combat | 3 4 6 7 |  7.1
Throwing       | 2 3 4 |  4.6
Fighting       | 3 4 5 |  5.1
Charms         | 1 2 3 |  3.0
Spellcasting   | 3 |  3.9
Translocations | 4 5 |  5.4
Invocations    | 2 |  2.4

Action                   |  1- 3 |  4- 6 |  7- 9 | 10-12 || total
-------------------------+-------+-------+-------+-------++-------
Melee: Unarmed           |    81 |   162 |   384 |    16 ||   643
       Constrict         |    19 |    38 |    62 |     4 ||   123
       Tentacles         |    12 |    24 |   107 |     7 ||   150
       Punch             |       |     6 |    18 |     2 ||    26
Throw: Javelin           |       |     3 |     3 |       ||     6
       Stone             |       |    31 |     9 |       ||    40
       Dart              |       |       |    29 |       ||    29
       Boomerang         |       |       |    39 |     5 ||    44
 Cast: Shroud of Golubri |    11 |    27 |    70 |     6 ||   114
       Blink             |       |     7 |     3 |     3 ||    13
       Lesser Beckoning  |       |       |     1 |       ||     1
  Use: Scroll            |     3 |     3 |    12 |     1 ||    19
       Potion            |       |     1 |     1 |     1 ||     3
 Stab: Sleeping          |     4 |     5 |    16 |     1 ||    26
  Eat: Chunk             |     1 |     7 |    14 |       ||    22
       Ration            |       |     1 |     1 |       ||     2
Armor: Skin              |     7 |     8 |    10 |     1 ||    26
Dodge: Dodged            |    56 |   103 |   170 |    13 ||   342

Table legend:
 A = Non-vault XP
 B = Vault XP
 C = Vault XP percentage of total XP
 D = Non-vault monster count
 E = Vault monster count
 F = Vault count percentage of total count
                 A         B        C        D         E       F
            +---------+---------+-------+---------+---------+-------
      Total |    3253 |    1472 |  31.2 |     155 |      48 |  23.6
            +---------+---------+-------+---------+---------+-------
        D:1 |      25 |       7 |  21.9 |      16 |       5 |  23.8
        D:2 |     175 |       0 |   0.0 |      23 |       0 |   0.0
        D:3 |     358 |       3 |   0.8 |      39 |       2 |   4.9
        D:4 |     487 |     267 |  35.4 |      12 |       5 |  29.4
        D:5 |     509 |     685 |  57.4 |      23 |       1 |   4.2
        D:6 |     632 |     459 |  42.1 |      25 |      11 |  30.6
        D:7 |     714 |       0 |   0.0 |       8 |       0 |   0.0
        D:8 |     353 |       0 |   0.0 |       9 |       0 |   0.0
      Sewer |       0 |      51 | 100.0 |       0 |      24 | 100.0
            +---------+---------+-------+---------+---------+-------
